 Dungeon Crawl Stone Soup version 0.30-a0-930-gb9d0489357 (webtiles) character file.

Game seed: 9217850111552254253

47 kiwi3s the Chopper (level 3, -1/49 HPs)
             Began as a Minotaur Berserker on Mar 23, 2023.
             Was a Believer of Trog.
             Slain by a goblin
             ... wielding a +0 dagger
             ... led by Robin
              (5 damage)
             ... on level 2 of the Dungeon.
             The game lasted 00:00:54 (951 turns).

kiwi3s the Chopper (Minotaur Berserker)              Turns: 951, Time: 00:00:55

Health: -1/49      AC:  2    Str: 23    XL:     3   Next: 48%
Magic:  2/2        EV: 12    Int:  4    God:    Trog [**....]
Gold:   93         SH:  0    Dex:  9    Spells: 2/2 levels left

rFire   . . .      SeeInvis .    a - +0 hand axe
rCold   . . .      Faith    .    (no shield)
rNeg    . . .      Spirit   .    b - +0 animal skin
rPois   .          Reflect  .    (helmet restricted)
rElec   .          Rampage  .    (no cloak)
rCorr   .                        (no gloves)
Will    .....                    (no boots) Stlth
                                 (no amulet)
HPRegen 0.28/turn                (no ring)
MPRegen 0.08/turn                (no ring)

@: berserking, very quick
A: horns 2, retaliatory headbutt
a: Renounce Religion, Berserk, Trog's Hand


You were on level 2 of the Dungeon.
You worshipped Trog.
Trog was pleased with you.
You visited 1 branch of the dungeon, and saw 2 of its levels.

You collected 93 gold pieces.

Inventory:

Hand Weapons
 a - a +0 hand axe (weapon)
Armour
 b - a +0 animal skin (worn)
Scrolls
 d - 3 scrolls of identify {unknown}
 e - a scroll of fog {unknown}
 f - a scroll of teleportation {unknown}
 j - a scroll of fear {unknown}
Potions
 c - 2 potions of degeneration {unknown}
 g - a potion of brilliance {unknown}
 h - a potion of lignification {unknown}
 i - a potion of resistance {unknown}


   Skills:
 + Level 4.1 Fighting
 + Level 4.2 Axes
 + Level 3.1 Armour
 + Level 2.9 Dodging


You had 2 spell levels left.
You didn't know any spells.
Your spell library was empty.

Dungeon Overview and Level Annotations

Branches:
Dungeon (2/15)

Altars:

Annotations:
D:2 Robin


Innate Abilities, Weirdness & Mutations

You have a pair of horns on your head.
You reflexively headbutt those who attack you in melee.


Message History

The hobgoblin barely misses you.
A red film seems to cover your vision as you go berserk!
You feel yourself moving faster!
You feel mighty! The goblin barely misses you.
The hobgoblin hits you. x2; The hobgoblin hits you!
* * * LOW HITPOINT WARNING * * *
You are too injured to fight recklessly!
You closely miss the hobgoblin.
The hobgoblin is lightly wounded.
You hit the hobgoblin. You barely miss the goblin. You hit the hobgoblin.
You are too injured to fight recklessly!
You barely miss the hobgoblin.
The hobgoblin is lightly wounded.
You hit the hobgoblin.
You kill the hobgoblin!
Trog accepts your kill.
You closely miss the goblin. You slash the hobgoblin!
You kill the hobgoblin!
Trog accepts your kill. The bat closely misses you. The hobgoblin hits you.
* * * LOW HITPOINT WARNING * * *
The goblin hits you with a +0 dagger.
* * * LOW HITPOINT WARNING * * *
You are too injured to fight recklessly!
You slash the hobgoblin!
You kill the hobgoblin!
Trog accepts your kill.
You can now call upon Trog for regeneration and willpower.
You closely miss the goblin. You closely miss the bat.
The bat hits you but does no damage. The goblin hits you with a +0 dagger.
* * * LOW HITPOINT WARNING * * *
You are too injured to fight recklessly!
You barely miss the goblin. You headbutt the goblin.
You kill the goblin!
Trog accepts your kill.
You slash the goblin!
You kill the goblin!
Trog accepts your kill. The bat barely misses you.
Robin throws the goblin at you! The goblin hits you with a +0 dagger.
You die...

...#. #... #... #...
###..## ....g #gg# #
#######)@##.#####
#......gb†.......
#.#.####.##......
#.#.# #......... #
#.#.# #.........
#.##.#.####.........
#...............!.##
####.#.#######.##.#
#.#.# .# #


You could see Robin, a hobgoblin (strong), 2 goblins and a bat.

Vanquished Creatures
  2 adders (D:2)
  2 endoplasms
  A giant cockroach (D:1)
  6 goblins
  7 hobgoblins
  6 kobolds (D:1)
  A quokka (D:1)
  A frilled lizard (D:2)
  2 rats (D:1)
28 creatures vanquished.

Notes
Turn   | Place    | Note
-------+----------+-------------------------------------------
     0 | D:1      | kiwi3s the Minotaur Berserker began the quest for the Orb.
     0 | D:1      | Reached XP level 1. HP: 19/19 MP: 0/0
   159 | D:1      | Reached XP level 2. HP: 24/27 MP: 1/1
   866 | D:2      | Reached XP level 3. HP: 33/33 MP: 2/2
   940 | D:2      | Noticed Robin
   949 | D:2      | Reached ** piety under Trog
   951 | D:2      | Slain by a goblin

Illustrated notes

Levels and vault maps discovered:
D:1:      elethiomel_arrival_shortcut, layout_basic, dk_noncrumbling_3
D:2:      layout_loops_ring, uniq_robin

Skill      XL: |  1  2 |
---------------+-------+-----
Fighting       | 4 |  4.1
Axes           | 4 |  4.2
Armour         | 3 |  3.1
Dodging        | |  2.9

Action                     || total
---------------------------++-------
  Melee: Hand axe          ||    51
         Headbutt          ||     8
         Punch             ||     2
 Invoke: Berserk           ||     1
   Stab: Sleeping          ||     3
 Armour: Animal skin       ||    12
  Dodge: Dodged            ||    35

Table legend: (Time is in decaauts)
 A = Elapsed time spent in this place.
 B = Non-inter-level travel time spent in this place.
 C = Inter-level travel time spent in this place.
 D = Time resting spent in this place.
 E = Time spent auto-exploring this place.
 F = Levels seen in this place.
 G = Mean time per level.
                   A        B        C        D        E       F      G
               +--------+--------+--------+--------+--------+-----+--------+
         Total |    954 |    941 |     13 |      0 |    794 |   2 |  477.0 |
       Dungeon |    954 |    941 |     13 |      0 |    794 |   2 |  477.0 |
               +--------+--------+--------+--------+--------+-----+--------+

Top non-repeatable levels by time:
     D:1: 680 daAuts
     D:2: 274 daAuts
